Map: Orbital Shipyard

Players

Rize

  • Race: Protoss Protoss
  • League: Master

Seither - Winner!

  • Race: Terran Terran
  • League: Master

VOD

Have the link to the VOD?

Description

Time

  • Played on: Dec. 15, 2015, 4:48 a.m.
  • Length: 13:16
Show
View Real Time Build Order
Export as new Build Order

Rize Protoss 

Build Orders: 1 Gate Expand 

Get SALT Encoding   

  12  0:01  Probe (Chrono Boost)  
  13  0:11  Probe (Chrono Boost)  
  14  0:17  Pylon  
  14  0:22  Probe (Chrono Boost)  
  15  0:35  Probe (Chrono Boost)  
  16  0:37  Gateway  
  16  0:46  Probe (Chrono Boost)  
  16  0:47  Assimilator  
  17  0:56  Probe (Chrono Boost)  
  18  1:07  Probe (Chrono Boost)  
  19  1:20  Nexus  
  20  1:25  Probe (Chrono Boost)  
  20  1:33  Cybernetics Core  
  20  1:36  Probe (Chrono Boost)  
  21  1:43  Assimilator  
  21  1:47  Probe (Chrono Boost)  
  21  1:52  Pylon  
  22  1:57  Probe (Chrono Boost)  
  23  2:10  Probe (Chrono Boost), Adept (Chrono Boost)  
  23  2:11  Warp Gate  
  26  2:22  Mothership Core  
  28  2:36  Adept (Chrono Boost)  
  30  2:38  Probe  
  30  2:43  Probe (Chrono Boost), Pylon  
  32  2:50  Probe (Chrono Boost)  
  33  2:53  Twilight Council  
  33  2:56  Probe (Chrono Boost)  
  34  3:01  Probe (Chrono Boost)  
  35  3:06  Probe (Chrono Boost)  
  35  3:12  Probe (Chrono Boost)  
  37  3:17  Probe (Chrono Boost), Robotics Facility  
  38  3:22  Probe (Chrono Boost)  
  38  3:24  Resonating Glaives (Chrono Boost)  
  39  3:27  Probe (Chrono Boost)  
  39  3:31  Probe (Chrono Boost)  
  41  3:36  Pylon  
  41  3:39  Probe  
  42  3:42  Probe  
  42  3:46  Adept  
  45  3:51  Probe  
  46  4:00  Pylon  
  46  4:03  Gateway  
  46  4:04  Gateway  
  46  4:05  Gateway  
  46  4:08  Warp Prism (Chrono Boost)  
  48  4:14  Pylon  
  48  4:23  Pylon  
  48  4:27  Gateway  
  48  4:31  Probe x2, Pylon  
  50  4:37  Adept  
  52  4:40  Observer (Chrono Boost)  
  52  4:43  Probe x2  
  55  4:55  Probe x2, Assimilator  
  55  4:56  Assimilator  
  55  4:59  Adept x3  
  63  5:10  Robotics Bay  
  63  5:11  Observer  
  64  5:20  Pylon  
  64  5:25  Blink (Chrono Boost)  
  64  5:34  Nexus  
  60  5:37  Pylon  
  54  5:43  Immortal (Chrono Boost)  
  54  5:47  Adept x2  
  54  5:48  Adept  
  64  5:57  Forge  
  64  6:07  Probe x2  
  66  6:16  Stalker x3  
  66  6:17  Stalker, Disruptor (Chrono Boost)  
  77  6:20  Stalker  
  79  6:28  Pylon  
  79  6:30  Pylon  
  79  6:32  Pylon  
  79  6:39  Stalker x2  
  81  6:50  Disruptor (Chrono Boost)  
  82  6:59  Probe  
  82  7:00  Probe  
  82  7:01  Probe  
  85  7:04  Stalker  
  83  7:08  Protoss Ground Weapons Level 1 (Chrono Boost)  
  83  7:14  Probe  
  83  7:16  Probe x2  
  86  7:26  Probe (Chrono Boost), Disruptor  
  86  7:28  Probe x2 (Chrono Boost)  
  92  7:37  Probe (Chrono Boost)  
  92  7:39  Probe x2 (Chrono Boost)  
  95  7:46  Stargate  
  95  7:47  Photon Cannon  
  95  7:48  Probe (Chrono Boost)  
  95  7:50  Probe x2 (Chrono Boost)  
  98  7:54  Sentry x2  
  102  7:58  Probe (Chrono Boost)  
  102  8:00  Probe x2 (Chrono Boost)  
  105  8:09  Probe (Chrono Boost)  
  105  8:12  Probe x2 (Chrono Boost)  
  106  8:13  Assimilator  
  106  8:16  Assimilator  
  106  8:17  Stargate  
  106  8:19  Pylon  
  106  8:21  Adept x4  
  106  8:23  Sentry  
  114  8:32  Pylon x2  
  114  8:37  Photon Cannon  
  114  8:38  Photon Cannon  
  114  8:39  Photon Cannon  
  114  8:47  Fleet Beacon  
  114  8:48  Protoss Ground Weapons Level 2 (Chrono Boost)  
  114  8:51  Photon Cannon  
  114  9:00  Adept  
  114  9:01  Adept x3  
  122  9:16  Void Ray x2 (Chrono Boost)  
  130  9:27  Stalker x3  
  135  9:37  Stalker  
  135  9:38  Stalker  
  120  9:55  Gateway x2, Void Ray x2 (Chrono Boost)  
  128  10:02  Adept x3  
  128  10:03  Adept  
  136  10:18  Adept  
  138  10:22  Pylon  
  138  10:23  Pylon  
  138  10:25  Adept x3  
  138  10:26  Adept  
  104  10:51  Adept  
  104  10:52  Adept x4  
  104  10:54  Void Ray x2 (Chrono Boost)  
  97  11:01  Probe x2  
  97  11:02  Probe, Assimilator  
  98  11:15  Mothership Core  
  100  11:19  Adept x5  
  110  11:33  Pylon  
  110  11:34  Tempest x2 (Chrono Boost)  
  118  11:48  Stalker x3  
  118  11:49  Stalker x3  
  118  11:51  Adept  
  130  11:55  Pylon  
  130  11:56  Pylon  
  121  12:19  Adept x2  
  121  12:20  Adept x5  
  101  12:36  Tempest (Chrono Boost)  
  89  12:39  Nexus  
  89  12:41  Pylon  
  93  13:06  Nexus  
  93  13:10  Pylon  
Show
View Real Time Build Order
Export as new Build Order

Seither Terran - Winner!

Build Orders:  

Get SALT Encoding   

  12  0:00  SCV  
  13  0:13  SCV  
  14  0:18  Supply Depot  
  14  0:25  SCV  
  15  0:40  SCV  
  15  0:42  Barracks  
  16  0:46  Refinery  
  16  0:52  SCV  
  17  1:05  SCV  
  18  1:17  SCV  
  19  1:30  Orbital Command  
  19  1:31  Barracks Reactor  
  19  1:42  Command Center  
  19  1:53  Supply Depot  
  19  1:56  SCV  
  20  2:10  Factory, Marine  
  20  2:11  Marine  
  20  2:13  SCV  
  23  2:23  Refinery  
  23  2:25  SCV  
  23  2:28  Marine x2  
  26  2:37  SCV  
  27  2:47  Marine x2  
  27  2:49  SCV  
  30  2:54  Factory Tech Lab, Starport  
  30  3:01  Orbital Command  
  30  3:03  SCV  
  31  3:10  Marine x2  
  33  3:15  SCV  
  34  3:20  Cyclone  
  37  3:30  Supply Depot, SCV  
  37  3:31  SCV  
  38  3:39  Medivac  
  39  3:46  SCV x2  
  41  3:49  Supply Depot  
  41  3:53  Marine  
  42  4:01  Siege Tank  
  45  4:08  Marine  
  45  4:09  SCV x2  
  48  4:11  Supply Depot, Marine  
  48  4:12  Liberator  
  49  4:21  SCV  
  49  4:22  SCV  
  51  4:26  Marine  
  51  4:29  Marine  
  56  4:35  SCV x2  
  56  4:37  Supply Depot  
  58  4:42  Command Center  
  58  4:43  Marine  
  59  4:47  Marine  
  59  4:48  Bunker  
  60  4:53  Siege Tank  
  60  4:58  Bunker  
  63  5:04  Liberator  
  63  5:05  Marine  
  63  5:06  Bunker, Marine  
  65  5:07  SCV x2  
  65  5:12  Supply Depot  
  67  5:14  Engineering Bay  
  70  5:23  Supply Depot  
  69  5:34  SCV x2  
  69  5:41  Marine x2  
  69  5:42  Refinery x2  
  69  5:46  SCV  
  69  5:47  SCV  
  71  5:54  Terran Infantry Weapons Level 1  
  71  5:57  Barracks  
  71  5:58  SCV, Barracks  
  71  5:59  SCV  
  73  6:06  Marine x2  
  73  6:07  Starport Reactor  
  73  6:11  SCV x2  
  77  6:15  Supply Depot  
  77  6:23  SCV x2  
  77  6:24  Barracks  
  77  6:25  Barracks, Marine  
  79  6:26  Marine  
  81  6:32  Supply Depot  
  81  6:35  SCV x2  
  81  6:39  Supply Depot  
  83  6:46  Barracks Tech Lab x2  
  83  6:47  SCV x2, Siege Tank  
  83  6:52  Orbital Command  
  85  6:59  SCV x2, Medivac x2  
  91  7:07  Combat Shields, Stimpack  
  91  7:10  Orbital Command  
  91  7:11  SCV  
  91  7:14  Barracks Reactor, Barracks Tech Lab  
  92  7:18  Marine x2  
  94  7:25  SCV x2  
  96  7:31  Missile Turret  
  96  7:32  Refinery  
  96  7:33  Medivac x2  
  96  7:35  Supply Depot  
  100  7:38  Refinery  
  100  7:41  SCV x2  
  100  7:43  Marauder x3, Marine x2  
  100  7:44  Siege Tank  
  113  7:50  Missile Turret  
  113  7:53  Marine  
  113  7:54  Missile Turret, Marine  
  113  7:55  Concussive Shells  
  113  7:57  SCV x3  
  118  8:05  Marine x2, Marauder  
  122  8:09  SCV x3  
  122  8:16  Armory  
  122  8:17  Engineering Bay  
  122  8:21  SCV x3  
  122  8:23  Marine  
  122  8:24  Marauder x2  
  122  8:25  Supply Depot  
  122  8:26  Medivac  
  135  8:27  Medivac  
  135  8:33  Starport  
  134  8:34  SCV x3  
  134  8:35  Fusion Core  
  137  8:43  Marauder, Marine x2  
  137  8:46  Marauder  
  143  8:53  Supply Depot x2, Factory Reactor, Terran Infantry Armor Level 1  
  143  8:59  Supply Depot  
  143  9:00  Supply Depot  
  143  9:01  Medivac x2  
  143  9:02  Marine x3  
  148  9:03  Marine  
  148  9:07  Terran Infantry Weapons Level 2, Liberator  
  148  9:08  Supply Depot  
  150  9:25  Liberator x2  
  150  9:27  Marauder x3, Marine  
  160  9:42  Barracks  
  160  9:43  Barracks, Widow Mine  
  160  9:44  Supply Depot, Barracks, Widow Mine  
  170  9:48  Marauder, Marine x3  
  170  9:49  Marauder  
  177  10:00  Marauder  
  177  10:04  Liberator  
  177  10:06  Ghost Academy  
  179  10:08  Liberator  
  179  10:10  Marauder x2  
  181  10:20  Marine  
  185  10:22  Marauder  
  185  10:27  Command Center  
  190  10:31  Marauder  
  190  10:36  Liberator  
  190  10:41  Marine  
  190  10:42  Marauder, Marine  
  185  10:43  Marauder  
  185  10:47  Liberator  
  185  10:49  Marine x2  
  176  10:50  Barracks Reactor, Barracks Tech Lab  
  176  10:52  Barracks Tech Lab  
  176  10:53  Liberator  
  160  11:02  Marauder, Marine x2  
  160  11:03  Marauder  
  162  11:09  Marine x3  
  168  11:17  Marauder x2  
  172  11:24  Command Center  
  172  11:25  Missile Turret  
  172  11:26  Missile Turret  
  172  11:28  Liberator  
  172  11:30  Missile Turret  
  171  11:35  Missile Turret  
  171  11:42  Planetary Fortress  
  171  11:43  Missile Turret  
  172  11:51  Marine, Widow Mine x2  
  172  11:52  Marauder, Marine  
  167  12:16  Marine x3, Marauder x5  
  167  12:17  Viking  
  165  12:36  Marine  
  165  12:37  Marauder x2, Marine  
  158  12:38  Missile Turret  
  158  12:41  Marine x2  
  158  12:42  Marine x5  
  146  12:54  Marine x2  
  146  12:56  Refinery  
  152  12:59  Refinery  
Tags
 
Add a new tag
Caveats
  • Supply blocks, unpowered buildings, or Contaminate may cause inaccurate times.
  • Supply counts are checked every 10 seconds.